Map: Orbital Shipyard

Players

IlIlIlIlIlIl - Winner!

  • Race: Protoss Protoss
  • League: Master

xKawaiian

  • Race: Terran Terran
  • League: Master

VOD

Have the link to the VOD?

Description

Time

  • Played on: Jan. 15, 2016, 1:57 a.m.
  • Length: 3:27
Show
View Real Time Build Order
Export as new Build Order

IlIlIlIlIlIl Protoss - Winner!

Build Orders:  

Get SALT Encoding   

  12  0:10  Probe (Chrono Boost)  
  13  0:20  Probe (Chrono Boost)  
  14  0:21  Pylon  
  14  0:31  Probe (Chrono Boost)  
  15  0:39  Gateway  
  15  0:41  Probe (Chrono Boost)  
  16  0:52  Probe (Chrono Boost), Assimilator  
  17  1:02  Probe (Chrono Boost)  
  18  1:04  Pylon  
  18  1:23  Gateway  
  18  1:24  Gateway  
  18  1:29  Cybernetics Core  
  19  1:32  Probe (Chrono Boost)  
  19  1:43  Probe (Chrono Boost)  
  20  1:49  Assimilator  
  21  1:54  Probe (Chrono Boost)  
  21  2:04  Probe (Chrono Boost)  
  22  2:13  Stalker x2 (Chrono Boost)  
  22  2:15  Probe  
  27  2:24  Pylon  
  27  2:29  Adept (Chrono Boost)  
  29  2:43  Stalker (Chrono Boost)  
  31  2:46  Probe  
  31  2:49  Stalker (Chrono Boost)  
  34  2:52  Pylon  
  34  3:03  Probe  
Show
View Real Time Build Order
Export as new Build Order

xKawaiian Terran 

Build Orders: Reaper Expand 

Get SALT Encoding   

  12  0:00  SCV  
  13  0:13  SCV  
  14  0:17  Supply Depot  
  14  0:25  SCV  
  15  0:39  SCV  
  15  0:41  Barracks  
  16  0:46  Refinery  
  16  0:51  SCV  
  17  1:03  SCV  
  18  1:15  SCV  
  19  1:29  Reaper, Orbital Command  
  20  1:41  Command Center  
  20  1:54  Supply Depot, SCV  
  21  2:02  Barracks Reactor  
  21  2:07  SCV  
  22  2:09  Barracks  
  22  2:19  SCV  
  22  2:20  Barracks  
  23  2:31  SCV  
  24  2:39  Marine x2  
  24  2:43  SCV  
  27  2:45  Engineering Bay  
  27  2:57  Marine x2  
  29  3:08  Marine  
  29  3:11  SCV  
  30  3:22  Bunker  
Tags
 
Add a new tag
Caveats
  • Supply blocks, unpowered buildings, or Contaminate may cause inaccurate times.
  • Supply counts are checked every 10 seconds.